 Dungeon Crawl Stone Soup version 0.31-a0-204-g7da18cac08 (webtiles) character file.

Game seed: 4205553437999468923

1185 gelatine the Sneak (level 8, -2/62 HPs)
             Began as a Demonspawn Delver on June 27, 2023.
             Shot with an arrow by a centaur (7 damage)
             ... on level 6 of the Dungeon.
             The game lasted 00:17:27 (4746 turns).

gelatine the Sneak (Demonspawn Delver)              Turns: 4746, Time: 00:17:27

Health: -2/62      AC:  9    Str: 15    XL:     8   Next: 19%
Magic:  8/8        EV: 12    Int: 12    God:
Gold:   283        SH:  4    Dex: 14    Spells: 7/7 levels left

rFire   . . .        a - +0 hand axe
rCold   . . .        (no shield)
rNeg    . . .        k - +0 leather armour
rPois   .            (helmet restricted)
rElec   .            (no cloak)
rCorr   .            (no gloves)
SInv    .            (no boots)
Will    .....        (no amulet)
Stlth   +++          (no ring)
HPRegen 0.30/turn    (no ring)
MPRegen 0.11/turn

%: no passive effects
@: marked
A: antennae 1, thin metallic scales 1, icemail 1, condensation shield
a: no special abilities


You were on level 6 of the Dungeon.
You visited 1 branch of the dungeon, and saw 6 of its levels.

You collected 283 gold pieces.

Inventory:

Hand Weapons
 a - a +0 hand axe (weapon)
 b - a +4 sling
 o - a +3 dagger
Missiles
 f - 5 atropa-tipped darts
 u - 3 silver javelins
Armour
 i - a +0 ring mail
 k - a +0 leather armour (worn)
 v - a +1 scale mail of poison resistance
Wands
 g - a wand of digging (3)
Scrolls
 c - a scroll of fog
 d - 2 scrolls of revelation
 e - a scroll of fear
 h - 2 scrolls of identify
 j - a scroll of immolation
 m - 2 scrolls of poison
 n - a scroll of enchant armour
 q - a scroll of teleportation {unknown}
 r - 2 scrolls of vulnerability
 t - a scroll of enchant weapon {unknown}
Potions
 l - a potion of mutation
 p - a potion of invisibility {unknown}
 s - 2 potions of curing
 w - a potion of haste


   Skills:
 * Level 5.1 Fighting
 * Level 3.9 Axes
 + Level 4.6 Ranged Weapons
 * Level 2.8 Armour
 * Level 3.5 Dodging
 + Level 5.1 Stealth
 * Level 1.8 Shields


You had 7 spell levels left.
You didn't know any spells.
Your spell library contained the following spells:

 Spells                   Type           Power      Damage    Failure   Level
 Poisonous Vapours        Pois/Air       0%         N/A       52%         2
 Mephitic Cloud           Conj/Pois/Air  0%         N/A       77%         3
 Passage of Golubria      Tloc           0%         N/A       99%         4
 Freezing Cloud           Conj/Ice/Air   0%         6-21      100%        5
 Silence                  Hex/Air        0%         N/A       100%        5
 Lehudib's Crystal Spear  Conj/Erth      0%         10d2      100%        8


Dungeon Overview and Level Annotations

Branches:
Dungeon (6/15)
 Temple: D:4-7

Altars:
Kikubaaqudgha
Yredelemnul

Annotations:
D:3 3 runed translucent doors, Zonian's ghost, amateur DEIE
D:4 2 transporters, Menkaure


Innate Abilities, Weirdness & Mutations

You have a pair of small antennae on your head.
You are partially covered in thin metallic scales. (AC +2)
A meltable icy envelope protects you from harm. (AC +4)
A meltable shield of frost defends you. (SH +4)


Message History

The orc barely misses you.
You hit the orc priest.
The orc priest is almost dead.
You hit the orc but do no damage.
The orc priest looks encouraged for a moment.
The orc barely misses you.
You hit the orc priest but do no damage.
The orc priest is almost dead.
You hit the orc. You block the orc's attack.
The orc priest hits you but does no damage.
The orc barely misses you.
The orc priest invokes the aid of Beogh against you.
Beogh smites you!
* * * LOW HITPOINT WARNING * * *
You hit the orc priest.
You kill the orc priest!
You closely miss the orc. The orc hits you with a +0 club.
* * * LOW HITPOINT WARNING * * *
You hit the orc but do no damage.
The orc is almost dead.
The orc closely misses you.
You hit the orc.
You kill the orc!
Things that are here:
a +0 club; a +0 chain mail You sense a monster nearby.
A centaur comes into view.
The centaur wields a +0 orcbow.
The centaur shoots an arrow.
The arrow hits you!
* * * LOW HITPOINT WARNING * * *
The centaur shoots an arrow.
The arrow hits you!
* * * LOW HITPOINT WARNING * * *
A sourceless malevolence fills the Dungeon...
With a horrendous wail, an alarm goes off!
A sentinel's mark forms upon you.
You hear a shout! x2
The centaur shoots an arrow.
The arrow hits you.
* * * LOW HITPOINT WARNING * * *
The centaur shoots an arrow.
The arrow hits you!
You die...

##... ..........#..# .#..
#............. #
...##............
###.##.........#.....#
##.#............#.....#
#####<.###.........#.#....#
###.##....##.........#......###
.....##..#......@...........c)#
......#......>.........##..)#)...
......#......#.......####..##{..?
#.....#......#.......##.#.## ....
#.......#..........).c..c..# ##.)
##......#...............##.## $.
...)...##..............##.... .
..#######........##..........# .
.## ##.....#...##..........#


You could see a centaur.

Vanquished Creatures
  Edmund (D:3)
  2 ogres (D:6)
  A centaur (D:4)
  3 phantoms
  A scorpion (D:5)
  3 hounds
  2 jellies (D:6)
  Ijyb (D:2)
  3 orc priests (D:6)
  An iguana (D:5)
  2 sleepcaps
  Robin (D:2)
  6 adders
  3 worms
  A dart slug (D:5)
  11 orcs
  9 ball pythons
  6 endoplasms
  5 giant cockroaches
  24 goblins
  8 hobgoblins
  2 jackals (D:1)
  3 kobolds
  6 quokkas
  3 bats
  2 frilled lizards
  6 rats
116 creatures vanquished.

Vanquished Creatures (collateral kills)
  An adder (D:3)
  A worm (D:3)
2 creatures vanquished.

Grand Total: 118 creatures vanquished

Notes
Turn   | Place    | Note
-------+----------+-------------------------------------------
     0 | D:5      | gelatine the Demonspawn Delver began the quest for the Orb.
     0 | D:5      | Reached XP level 1. HP: 18/18 MP: 1/1
    57 | D:4      | Found a basalt altar of Yredelemnul.
    70 | D:4      | Noticed a centaur
    79 | D:4      | Found an ancient bone altar of Kikubaaqudgha.
    83 | D:4      | Found a transporter.
    85 | D:4      | Noticed Menkaure
    93 | D:4      | Found a transporter.
   266 | D:4      | Gained mutation: You are partially covered in thin metallic
                  | scales. (AC +2) [demonic ancestry]
   266 | D:4      | Reached XP level 2. HP: 24/24 MP: 2/2
   313 | D:4      | Noticed Edmund
   336 | D:3      | Noticed Zonian's ghost (amateur DEIE)
   392 | D:2      | Identified the +1 helmet "Kejawe" {rPois}
   392 | D:2      | Noticed Robin
   403 | D:2      | Reached skill level 5 in Stealth
   411 | D:2      | Killed Robin
   412 | D:2      | Reached XP level 3. HP: 28/29 MP: 3/3
   647 | D:2      | Reached skill level 1 in Ranged Weapons
   854 | D:1      | Gained mutation: A meltable shield of frost defends you.
                  | (SH +4) [demonic ancestry]
   854 | D:1      | Reached XP level 4. HP: 35/35 MP: 4/4
  1814 | D:3      | Noticed Ijyb
  2158 | D:3      | Gained mutation: You have a pair of small antennae on your
                  | head. [demonic ancestry]
  2158 | D:3      | Reached XP level 5. HP: 42/42 MP: 5/5
  2162 | D:3      | Found a runed translucent gate.
  2162 | D:3      | Found a runed translucent gate.
  2162 | D:3      | Found a runed translucent gate.
  2827 | D:3      | Killed Edmund
  2828 | D:3      | Reached skill level 1 in Armour
  2828 | D:3      | Reached XP level 6. HP: 9/48 MP: 0/6
  3172 | D:2      | Killed Ijyb
  3569 | D:4      | Gained mutation: A meltable icy envelope protects you from
                  | harm. (AC +4) [demonic ancestry]
  3569 | D:4      | Reached XP level 7. HP: 13/55 MP: 7/7
  4136 | D:5      | Reached skill level 1 in Shields
  4558 | D:6      | Reached skill level 5 in Fighting
  4558 | D:6      | Reached XP level 8. HP: 62/62 MP: 8/8
  4746 | D:6      | Shot with an arrow by a centaur

Illustrated notes

Levels and vault maps discovered:
D:1:      dpeg_arrival_round_a, layout_rooms
D:2:      layout_basic, minmay_misc_feat_hallway, uniq_robin
D:3:      kennysheep_the_goblin_king, layout_basic, gammafunk_ghost_icy
D:4:      layout_loops_ring, gammafunk_temple_of_torment, uniq_edmund
D:5:      layout_basic
D:6:      layout_cave_pools, nicolae_overflow_crystal_walls

Skill      XL: |  1  2  3  4  5  6  7 |
---------------+----------------------+-----
Stealth        | 5 |  5.1
Axes           | 2 3 |  3.9
Dodging        | 2 3 |  3.5
Ranged Weapons | 1 2 3 4 |  4.6
Fighting       | 4 5 |  5.1
Armour         | 1 2 |  2.8
Shields        | 1 |  1.8

Action                     |  1- 3 |  4- 6 |  7- 9 || total
---------------------------+-------+-------+-------++-------
  Melee: Hand axe          |    53 |   135 |    38 ||   226
         Punch             |       |     1 |       ||     1
   Fire: Sling             |    53 |   179 |   127 ||   359
    Use: Scroll            |       |     9 |     1 ||    10
         Potion            |       |     5 |       ||     5
   Stab: Sleeping          |     1 |       |       ||     1
 Armour: Robe              |     6 |       |       ||     6
         Leather armour    |     9 |    48 |    29 ||    86
         Scale mail        |       |    62 |     6 ||    68
  Dodge: Dodged            |    41 |   151 |    64 ||   256
  Block: Other             |       |    46 |    17 ||    63

Table legend: (Time is in decaauts)
 A = Elapsed time spent in this place.
 B = Non-inter-level travel time spent in this place.
 C = Inter-level travel time spent in this place.
 D = Time resting spent in this place.
 E = Time spent auto-exploring this place.
 F = Levels seen in this place.
 G = Mean time per level.
                   A        B        C        D        E       F      G
               +--------+--------+--------+--------+--------+-----+--------+
         Total |   4882 |   4629 |    253 |      0 |   3093 |   6 |  813.7 |
       Dungeon |   4882 |   4629 |    253 |      0 |   3093 |   6 |  813.7 |
               +--------+--------+--------+--------+--------+-----+--------+

Top non-repeatable levels by time:
     D:2: 1300 daAuts
     D:3: 1270 daAuts
     D:4: 943 daAuts
     D:1: 508 daAuts
     D:5: 459 daAuts
     D:6: 399 daAuts
